 Dungeon Crawl Stone Soup version 0.29-a0-284-gf9362112df (webtiles) character file.

Game seed: 4114778633713267681

7840 siradein the Basher (level 11, -8/166 HPs)
             Began as a Troll Berserker on Mar 28, 2022.
             Was a Priest of Trog.
             Mangled by Erica
             ... wielding a +1 scimitar of flaming
              (16 damage)
             ... on level 8 of the Dungeon.
             The game lasted 00:45:51 (7860 turns).

siradein the Basher (Troll Berserker)               Turns: 7860, Time: 00:45:51

Health: -8/166     AC:  9    Str: 27    XL:     11   Next: 2%
Magic:  10/10      EV: 14    Int:  3    God:    Trog [***...]
Gold:   604        SH:  0    Dex: 19    Spells: 10/10 levels left

rFire   . . .      SeeInvis .   q - +1 quarterstaff (drain)
rCold   . . .      Faith    .   (shield currently unavailable)
rNeg    . . .      Spirit   .   F - +0 acid dragon scales
rPois   .          Reflect  .   (helmet restricted)
rElec   .          Harm     .   n - +0 cloak
rCorr   +          Rampage  .   (gloves unavailable)
Will    .....                   (boots unavailable)
Stlth   ..........              (no amulet)
HPRegen 1.17/turn               l - +6 ring of dexterity
MPRegen 0.12/turn               (no ring)

@: berserking, lethally poisoned (-8 -> -8), very quick
A: large, unfitting armour, claws 3, regeneration 1, shaggy fur 1, tough skin 1
a: Renounce Religion, Berserk, Trog's Hand


You were on level 8 of the Dungeon.
You worshipped Trog.
Trog was most pleased with you.
You visited 1 branch of the dungeon, and saw 8 of its levels.
You also visited: Bailey.

You collected 624 gold pieces.
You spent 20 gold pieces at shops.

Inventory:

Hand Weapons
 i - a +0 flail
 q - a +1 quarterstaff of draining (weapon)
 v - a +1 mace of venom
 C - a +0 giant spiked club
 E - a +0 broad axe of flaming
 L - a +2 shortbow of freezing
Missiles
 o - a throwing net
 t - 5 boomerangs (quivered)
 y - 6 javelins
Armour
 n - a +0 cloak (worn)
 F - +0 acid dragon scales (worn)
Jewellery
 f - a ring of ice
 l - a +6 ring of dexterity (left claw)
Wands
 b - a wand of paralysis (11)
 u - a wand of polymorph (9)
 w - a wand of flame (27)
 D - a wand of iceblast (13)
 I - a wand of mindburst (13)
 K - a wand of digging (4)
Scrolls
 a - 3 scrolls of vulnerability
 d - 2 scrolls of enchant weapon {unknown}
 e - 5 scrolls of magic mapping
 h - 3 scrolls of immolation
 j - a scroll of fear
 k - 5 scrolls of teleportation
 A - 2 scrolls of amnesia {unknown}
 H - a scroll of acquirement {unknown}
 M - a scroll of identify
Potions
 c - 2 potions of curing
 g - a potion of cancellation
 m - 2 potions of might
 p - 5 potions of heal wounds {unknown}
 r - 3 potions of invisibility {unknown}
 s - a potion of degeneration {unknown}
 x - 3 potions of attraction {unknown}
 z - a potion of brilliance {unknown}
 B - a potion of lignification {unknown}
 G - 2 potions of haste
 J - a potion of magic {unknown}


   Skills:
 + Level 7.9 Fighting
 + Level 8.6 Maces & Flails
 + Level 6.7 Throwing
 + Level 7.9 Dodging


You had 10 spell levels left.
You didn't know any spells.
Your spell library was empty.

Dungeon Overview and Level Annotations

Branches:
Dungeon (8/15)             Temple (0/1) D:6          Bailey (visited)
   Lair: D:8-11

Altars:
Elyvilon
Gozag
Hepliaklqana
Kikubaaqudgha
Makhleb
Okawaru
Trog
Xom

Shops:
D:2 *   D:3 ?

Annotations:
D:6 2 transporters
D:8 Erica


Innate Abilities, Weirdness & Mutations

You are too large for most types of armour.
You have claws for hands.
Your natural rate of healing is unusually fast.
You are covered in fur. (AC +1)
You have tough skin. (AC +1)


Message History

Something hits you. Something burns you.
The howler monkey simulacrum barely misses you.
You hear some strange, mumbled words.
A lance of force appears from out of thin air!
The lance of force misses you.
You clumsily bash something but do no damage.
Your skin stops crawling.
You feel less strong-willed.
The howler monkey simulacrum hits you but does no damage.
Something closely misses you.
You clumsily bash something but do no damage.
The howler monkey simulacrum barely misses you.
You hear some strange, mumbled words.
A bolt of poison appears from out of thin air!
The bolt of poison hits you!!!
You are poisoned.
* * * LOW HITPOINT WARNING * * *
The howler monkey simulacrum barely misses you.
You hear some strange, mumbled words.
A lance of force appears from out of thin air!
The lance of force misses you.
Do you really want to go berserk while wielding your +2 shortbow of freezing?
Okay, then.
Your +2 shortbow of freezing stops glowing.
You sense an unholy aura.
q - a +1 quarterstaff of draining (weapon)
You feel sick.
A red film seems to cover your vision as you go berserk!
You feel yourself moving faster!
You feel mighty!
You feel sick.
The howler monkey simulacrum barely misses you.
Something hits you!
* * * LOW HITPOINT WARNING * * *
Something burns you.
* * * LOW HITPOINT WARNING * * *
You barely miss something.
You feel sick.
The howler monkey simulacrum closely misses you.
Something barely misses you.
You miss something.
You feel sick.
The howler monkey simulacrum closely misses you.
Something hits you!
You die...

.........##.'##### #.#.
..##+#..........# ######.#.
...,,##..##§....# #........
........##§##§..# ###.####...
.#..###.#§§§§...# #......#.##
.#..###..§.##§..# #......#.#.
.........##.....# #......#.#.
...............{#########........
........'......Z@.......####.....
.......##...............####.#...
.........#######...........#.#...
##.......* #........##...#.#.
*,.....,* #........######.##
*,.....,* #.................
*,...),,* #........######.##
*,....,,* #........# #....
*,,,,,,,* #........# #..##


You could see a howler monkey simulacrum.

Vanquished Creatures
  2 vault guards (Bailey)
  A death yak (D:8)
  Maggie (D:6)
  Prince Ribbit (Bailey)
  Sigmund (D:3)
  4 wyverns
  2 yaks (D:8)
  7 humans (Bailey)
  A steam dragon (D:7)
  A water moccasin (D:7)
  A sky beast (D:5)
  3 orc warriors
  An ice beast (D:6)
  A black bear (D:7)
  2 ogres
  2 centaurs (D:8)
  A phantom (D:5)
  A kobold brigand (D:6)
  12 bullfrogs
  A gnoll sergeant (D:7)
  5 scorpions
  3 wights (D:8)
  An electric eel (D:8)
  A howler monkey (D:5)
  A jelly (D:7)
  3 hounds (D:5)
  A wyvern simulacrum (D:8)
  5 orc priests
  5 iguanas
  5 orc wizards
  Natasha (twice) (D:3)
  2 centaur simulacra (D:8)
  8 gnolls
  10 adders
  A white imp (D:5)
  An ufetubus (D:8)
  2 worms
  A dart slug (D:3)
  39 orcs
  6 bats
  4 endoplasms
  3 giant cockroaches
  13 hobgoblins
  A jackal (D:3)
  16 kobolds
  3 quokkas
  3 ball pythons
  3 frilled lizards
  14 goblins
208 creatures vanquished.

Notes
Turn   | Place    | Note
-------+----------+-------------------------------------------
     0 | D:1      | siradein the Troll Berserker began the quest for the Orb.
     0 | D:1      | Reached XP level 1. HP: 22/22 MP: 0/0
   155 | D:1      | Found a faded altar of an unknown god.
   450 | D:1      | Reached XP level 2. HP: 29/29 MP: 1/1
   722 | D:2      | Reached skill level 3 in Maces & Flails
   811 | D:2      | Reached XP level 3. HP: 12/36 MP: 2/2
   956 | D:2      | Reached ** piety under Trog
   968 | D:2      | Reached XP level 4. HP: 45/45 MP: 3/3
  1417 | D:2      | Found Naricka's Assorted Antiques.
  1914 | D:3      | Noticed a bullfrog
  1927 | D:3      | Killed a bullfrog
  1928 | D:3      | Reached XP level 5. HP: 36/53 MP: 4/4
  1995 | D:3      | Found Biochopyo's Magic Scroll Emporium.
  1999 | D:3      | Bought a scroll of identify for 20 gold pieces
  2017 | D:3      | Found an ancient bone altar of Kikubaaqudgha.
  2144 | D:3      | Reached skill level 4 in Maces & Flails
  2309 | D:3      | Noticed Natasha
  2318 | D:3      | Killed Natasha
  2370 | D:3      | Reached XP level 6. HP: 56/62 MP: 5/5
  2391 | D:3      | Found a shadowy altar of Dithmenos.
  2392 | D:3      | Found a shimmering altar of Xom.
  2392 | D:3      | Found a burning altar of Makhleb.
  2395 | D:3      | Found a shimmering altar of Xom.
  2395 | D:3      | Found a bloodstained altar of Trog.
  2395 | D:3      | Found a white marble altar of Elyvilon.
  2501 | D:3      | Reached *** piety under Trog
  2501 | D:3      | Paralysed by a hobgoblin for 3 turns
  2684 | D:3      | Noticed Natasha
  2692 | D:3      | Killed Natasha
  2843 | D:3      | Noticed Sigmund
  2848 | D:3      | Killed Sigmund
  2944 | D:4      | Reached XP level 7. HP: 58/71 MP: 6/6
  3504 | D:4      | Reached skill level 5 in Maces & Flails
  3754 | D:5      | Entered Level 5 of the Dungeon
  3920 | D:5      | Reached skill level 1 in Throwing
  4005 | D:5      | Reached skill level 5 in Dodging
  4005 | D:5      | Reached XP level 8. HP: 69/79 MP: 7/7
  4041 | D:5      | Reached skill level 5 in Fighting
  4644 | D:6      | Reached skill level 6 in Maces & Flails
  4808 | D:6      | Found a staircase to the Ecumenical Temple.
  4953 | D:6      | Found a transporter.
  5062 | D:6      | Noticed Maggie
  5081 | D:6      | Killed Maggie
  5082 | D:6      | Reached XP level 9. HP: 89/89 MP: 8/8
  5234 | D:6      | Found a transporter.
  5543 | D:7      | Reached **** piety under Trog
  5615 | D:7      | Found a hazy altar of Hepliaklqana.
  5618 | D:7      | Found an opulent altar of Gozag.
  5729 | D:7      | Found a flagged portal.
  5739 | Bailey   | Entered a bailey
  5753 | Bailey   | Reached skill level 7 in Maces & Flails
  5818 | Bailey   | HP: 3/138 [human/+2 vorpal hand axe (4)]
  5822 | Bailey   | Reached skill level 5 in Throwing
  5830 | Bailey   | Reached XP level 10. HP: 13/100 MP: 9/9
  5937 | Bailey   | Noticed Prince Ribbit
  5959 | Bailey   | Killed Prince Ribbit
  6102 | Bailey   | Noticed a vault guard
  6123 | Bailey   | Killed a vault guard
  6198 | Bailey   | Noticed a vault guard
  6238 | Bailey   | Killed a vault guard
  6239 | Bailey   | Reached skill level 8 in Maces & Flails
  6551 | D:7      | Found an iron altar of Okawaru.
  7120 | D:8      | Noticed Erica
  7125 | D:8      | Noticed a death yak
  7623 | D:8      | Killed a death yak
  7624 | D:8      | Reached XP level 11. HP: 111/111 MP: 10/10
  7860 | D:8      | HP: 8/166 [poisoned by Erica (bolt of poison)]
  7860 | D:8      | Mangled by Erica

Illustrated notes

Levels and vault maps discovered:
D:1:      tarquinn_simple_flora_water_b, layout_basic,
          shapermc_ecumenical_altar_mp_urbaneastern, chequers_mini_garden,
          serial_park_tiny_pond
D:2:      kennysheep_the_goblin_king, layout_basic, serial_co_window_serial,
          co_window_paths_b, co_window_paths_a, co_window_paths_a,
          co_window_paths_a, co_window_paths_b, co_window_paths_a,
          co_window_paths_a, co_window_of_opportunity_a, co_window_paths_a,
          co_window_paths_c, co_window_corner_cb, co_window_corner_cb,
          co_window_paths_c, co_window_broadway_a, co_window_4corner_a,
          co_window_paths_e, serial_shops, shop, grunt_ministairs_14
D:3:      layout_basic, mainiacjoe_overflow_chevrons, doesnt_xom_only_xom,
          serial_shops, nicolae_shop_crystal, minmay_joined_circles,
          uniq_natasha, uniq_sigmund
D:4:      layout_basic, amcnicky_mini_rare_corridor_liquid
D:5:      layout_loops_ring, chequers_serial_rivers_micro_b,
          nicolae_figureground_pulse
D:6:      gammafunk_steamed_eel, layout_basic, minmay_temple_entry_trees,
          uniq_maggie
D:7:      layout_loops_ring, minmay_overflow_temple_star_quad, enter_bailey_3
D:8:      layout_basic, serial_ice, serial_ice_g, serial_ice_n, serial_ice_k,
          serial_ice_d, uniq_erica

Skill      XL: |  1  2  3  4  5  6  7  8  9 10 |
---------------+-------------------------------+-----
Maces & Flails | 3 4 5 6 7 8 |  8.6
Dodging        | 3 4 5 6 7 |  7.9
Fighting       | 3 4 5 6 7 |  7.9
Throwing       | 1 3 5 6 |  6.7

Action                   |  1- 3 |  4- 6 |  7- 9 | 10-12 || total
-------------------------+-------+-------+-------+-------++-------
Melee: Mace              |    71 |       |    20 |       ||    91
       Flail             |    31 |   158 |       |       ||   189
       Quarterstaff      |       |    16 |   290 |   190 ||   496
       Giant spiked club |       |       |    26 |     6 ||    32
       Shortbow          |       |       |       |     9 ||     9
 Fire: Shortbow          |       |       |       |     4 ||     4
Invok: Berserk           |       |       |     4 |     6 ||    10
       Trog's Hand       |       |       |     3 |     4 ||     7
  Use: Scroll            |       |     4 |     2 |     3 ||     9
       Potion            |       |       |       |     3 ||     3
 Stab: Sleeping          |       |     3 |     1 |       ||     4
Armor: Animal skin       |    58 |    44 |    66 |       ||   168
       Acid dragon scale |       |       |    48 |    90 ||   138
Dodge: Dodged            |    65 |    85 |   242 |   145 ||   537

Table legend: (Time is in decaauts)
 A = Elapsed time spent in this place.
 B = Non-inter-level travel time spent in this place.
 C = Inter-level travel time spent in this place.
 D = Time resting spent in this place.
 E = Time spent auto-exploring this place.
 F = Levels seen in this place.
 G = Mean time per level.
                   A        B        C        D        E       F      G
               +--------+--------+--------+--------+--------+-----+--------+
         Total |   8069 |   7848 |    221 |    331 |   5256 |   9 |  896.6 |
       Dungeon |   7438 |   7217 |    221 |    179 |   5087 |   8 |  929.8 |
        Bailey |    631 |    631 |      0 |    152 |    168 |   1 |  631.0 |
               +--------+--------+--------+--------+--------+-----+--------+

Top non-repeatable levels by time:
     D:2: 1271 daAuts
     D:3: 1000 daAuts
     D:6: 985 daAuts
     D:7: 960 daAuts
     D:8: 926 daAuts
     D:4: 870 daAuts
     D:5: 747 daAuts
     D:1: 676 daAuts
  Bailey: 631 daAuts
